Cogmind - Beta 13 @@@ ROGUE MODE // 2024.07.12 @ 07:17:43 Player: Heclapar Result: Destroyed by S-27 Virus with Autogun Performance ------------- Evolutions (3) 1500 Regions Visited (8) 1600 Robots Destroyed (95) 475 Value Destroyed (4533) 4533 Prototype IDs (7) 140 Alien Tech Used (0) 0 Bonus (2108) 2108 TOTAL SCORE: 10356 Bonus ------- High Alert Combat Kills 684 Follower Combat Kills 35 Entered Garrisons 400 Used RIF Installer 1000 Friendly Fire -11 Cogmind --------- Core Integrity 0/700 Matter 290/300 Energy 290/290 System Corruption 1% Temperature Cool (0) Movement Treading (160) Location -7/Lower Caves Parts ------- > --- POWER (1) -------- Improved Deuterium Engine > --- PROPULSION (4) --- Light Treads Light Treads Medium Treads Improved Carbon-fiber Leg > --- UTILITY (4) ------ Improved Heat Sink Improved Heat Sink Large Storage Unit Improved Light Armor Plating > --- WEAPON (4) ------- Variable Charge Gun Variable Charge Gun Heavy Phase Cannon Flak Gun > --- INVENTORY (15) --- Improved Deuterium Engine Improved Carbon-fiber Leg Improved Heat Sink Medium Storage Unit Relay Coupler [NC] (23) Relay Coupler [NC] (26) Relay Coupler [Brawler] (23) Relay Coupler [Duelist] (29) Relay Coupler [Hunter] (18) Relay Coupler [Heavy] (13) Pulse Rifle Variable Charge Gun Heavy Phase Cannon Remote Datajack Peak State ------------ > --- POWER ------------ Improved Deuterium Engine > --- PROPULSION ------- Light Treads Light Treads Medium Treads Flexi-carbon Leg > --- UTILITY ---------- Improved Heat Sink Improved Heat Sink Large Storage Unit Improved Light Armor Plating > --- WEAPON ----------- Variable Charge Gun Variable Charge Gun Heavy Phase Cannon Flak Gun > --- INVENTORY -------- Improved Deuterium Engine Improved Carbon-fiber Leg Improved Heat Sink Medium Storage Unit Relay Coupler [NC] Relay Coupler [NC] Relay Coupler [Brawler] Relay Coupler [Brawler] Relay Coupler [Duelist] Relay Coupler [Hunter] Relay Coupler [Heavy] Variable Charge Gun Heavy Phase Cannon Remote Datajack [Rating: 52] Favorites ----------- Power Light Nuclear Core Engine Improved Deuterium Engine Power Core Light Nuclear Core Propulsion Aluminum Leg Treads Light Treads Leg Aluminum Leg Utility Large Storage Unit Device Improved Heat Sink Storage Large Storage Unit Processor Targeting Computer Hackware Relay Coupler [Sentry] Protection Light Armor Plating Weapon Assault Rifle Energy Gun Variable Charge Gun Energy Cannon Heavy Phase Cannon Ballistic Gun Assault Rifle Ballistic Cannon Light Cannon Launcher Improved Grenade Launcher Special Weapon Remote Datajack Build | -11 -10 -9 -8 -8 -7 -7 -7 -7 ------- Run | Yrd Mat Mat Mat Gar Fac Gar Fac Low Slots Evolved 6 | . . 2 2 . 2 . . . Power . | . . . . . . . . . Propulsion 2 | . . . . . 2 . . . Utility 2 | . . . 2 . . . . . Weapon 2 | . . 2 . . . . . . Parts Attached 93 | . 2 13 4 20 24 27 3 . Power 8 | . . 1 . 3 3 1 . . Engine 4 | . . . . 2 1 1 . . Core 4 | . . 1 . 1 2 . . . Reactor . | . . . . . . . . . Propulsion 32 | . 1 5 . 5 11 8 2 . Treads 4 | . . . . . . 3 1 . Leg 28 | . 1 5 . 5 11 5 1 . Wheel . | . . . . . . . . . Hover . | . . . . . . . . . Flight . | . . . . . . . . . Utility 18 | . 1 2 3 4 1 7 . . Device 8 | . . . 2 2 1 3 . . Storage 2 | . . 2 . . . . . . Processor 2 | . . . 1 . . 1 . . Hackware 1 | . . . . . . 1 . . Protection 5 | . 1 . . 2 . 2 . . Artifact . | . . . . . . . . . Weapon 35 | . . 5 1 8 9 11 1 . Energy Gun 19 | . . 4 1 2 5 6 1 . Energy Cannon 1 | . . . . . . 1 . . Ballistic Gun 12 | . . 1 . 5 4 2 . . Ballistic Cannon 1 | . . . . 1 . . . . Launcher 1 | . . . . . . 1 . . Special Weapon 1 | . . . . . . 1 . . Impact Weapon . | . . . . . . . . . Slashing Weapon . | . . . . . . . . . Piercing Weapon . | . . . . . . . . . Special Melee Weapon . | . . . . . . . . . Unidentified Prototypes 4 | . . 1 . . 3 . . . Corrupted Parts 1 | . . . 1 . . . . . System Corruption 1 | . . . 1 . . . . . Parts Lost 33 | . . . . 15 2 15 1 . Power 3 | . . . . 2 . 1 . . Propulsion 8 | . . . . 2 . 6 . . Utility 6 | . . . . 3 1 2 . . Weapon 16 | . . . . 8 1 6 1 . Highest Loss Streak 10 | . . . . 4 1 10 1 . To Critical Strikes . | . . . . . . . . . Average Slot Usage (%) 94 | . 87 99 97 93 98 87 96 100 Engine 4 | . 14 2 . 5 2 6 7 7 Core 3 | . . 8 9 3 4 . . . Treads 2 | . . . . . . 4 23 23 Leg 21 | . 28 22 18 17 29 18 6 7 Device 8 | . . . 6 9 12 6 15 15 Storage 8 | . 14 11 9 9 7 7 7 7 Processor 7 | . . . 9 9 7 10 . . Protection 4 | . 2 11 9 6 2 3 7 7 Energy Gun 16 | . 14 22 27 10 19 19 12 15 Energy Cannon 1 | . . . . . . 3 7 7 Ballistic Gun 11 | . 14 20 9 18 8 4 7 7 Ballistic Cannon 1 | . . . . 3 1 . . . Naked Turns . | . . . . . . . . . Heaviest Build 59 | 14 17 38 41 41 48 59 59 59 Greatest Support 68 | 20 20 26 20 20 60 60 68 68 Greatest Overweight (x) 12 | . . 1 2 2 1 12 . . Average Overweight (x) . | . . . 1 1 . . . . Largest Inventory Capacity 15 | . 8 15 15 15 15 15 15 15 Average Capacity 14 | . 8 11 15 15 15 15 15 15 Most Carried 15 | . 8 11 10 15 15 15 15 14 Average Carried 13 | . 6 8 10 13 14 13 14 14 Final Capacity 15 | 8 8 15 15 15 15 15 15 15 Final Carried 15 | 6 8 11 10 13 15 14 14 14 Class Distribution -------------------- 44% | Scavenger-Gunner 28% | Bothacker-Gunner 9% | Tank 7% | Bothacker-Tank 4% | Bothacker-Mutant 3% | Mutant Dominant Class ---------------- Mutant | -10/Materials Tank | -9/Materials Scavenger-Gunner | -8/Materials Scavenger-Gunner | -8/Garrison Bothacker-Gunner | -7/Factory Bothacker-Gunner | -7/Garrison Bothacker-Tank | -7/Factory Bothacker-Tank | -7/Lower Caves Resources | -11 -10 -9 -8 -8 -7 -7 -7 -7 ----------- Run | Yrd Mat Mat Mat Gar Fac Gar Fac Low Matter Collected 2306 | 200 55 248 77 606 671 399 50 . Remotely . | . . . . . . . . . Salvage Created 4160 | . 143 628 369 965 950 979 126 . Parts 218 | . 10 42 20 46 55 37 8 . Haulers Intercepted 4 | . . 3 . . 1 . . . Recyclers Shooed 2 | . . 1 . . 1 . . . Parts Field Recycled . | . . . . . . . . . Retrieved Matter . | . . . . . . . . . Parts Self-Destructed . | . . . . . . . . . Prevented . | . . . . . . . . . Kills | -11 -10 -9 -8 -8 -7 -7 -7 -7 ------- Run | Yrd Mat Mat Mat Gar Fac Gar Fac Low Combat Hostiles Destroyed 78 | . 4 10 6 19 16 21 2 . Guns 68 | . 4 10 4 17 13 19 1 . Cannons 6 | . . . . . 3 2 1 . AOE 4 | . . . 2 2 . . . . Classes Destroyed 13 | . 1 6 2 2 . 2 . . Worker 5 | . . 2 . . 3 . . . Builder 2 | . . 1 . . 1 . . . Tunneler 1 | . . . 1 . . . . . Hauler 4 | . . 3 . . 1 . . . Recycler 4 | . . 1 . . 3 . . . Operator 1 | . . 1 . . . . . . Swarmer 13 | . . 3 . . 7 3 . . Grunt 37 | . 4 7 5 11 4 6 . . Sentry 13 | . . . 1 3 2 5 2 . Hunter 6 | . . . . 2 1 3 . . Programmer 5 | . . . . 3 2 . . . Behemoth 1 | . . . . . . 1 . . Thug 1 | . . . . . . 1 . . Savage 1 | . . . . . . 1 . . Guerrilla 1 | . . . . . . 1 . . Best Kill Streak 6 | . 4 6 3 2 4 4 1 . Combat Bots Only 4 | . 4 3 3 2 4 4 1 . Max Kills in Single Turn 2 | . 1 1 2 1 2 1 1 . Gunslinging 1 | . . . . . 1 . . . Exploded 2 | . . . 2 1 . . . . Melee . | . . . . . . . . . Uniques/NPCs Destroyed . | . . . . . . . . . Combat | -11 -10 -9 -8 -8 -7 -7 -7 -7 -------- Run | Yrd Mat Mat Mat Gar Fac Gar Fac Low Hostile Shots Fired 535 | . 17 26 9 106 99 265 9 4 Missed 164 | . 4 4 2 18 48 81 5 2 Damage Taken 5324 | . 143 239 159 1532 624 2373 225 29 Core 937 | . 12 . 14 205 109 558 22 17 Absorbed by Shields 35 | . . . . 35 . . . . Core Remaining (%) 88 | 100 95 100 . 60 . . . . Volleys Fired 258 | . 15 27 10 90 46 65 5 . Largest 4 | . 2 4 4 4 4 4 4 . Hottest 315 | . 70 135 179 179 178 315 268 . Shots Fired 791 | . 30 105 39 267 149 182 19 . Gun 722 | . 30 105 39 234 137 163 14 . Cannon 65 | . . . . 33 12 15 5 . Launcher 3 | . . . . . . 3 . . Special 1 | . . . . . . 1 . . Kinetic 376 | . 15 54 10 202 64 26 5 . Thermal 311 | . 15 26 10 57 69 120 14 . Explosive 3 | . . . . . . 3 . . Electromagnetic 100 | . . 25 19 8 16 32 . . Robot Hit Streak 22 | . 8 7 17 18 22 20 7 . Robot Miss Streak 8 | . 2 6 1 5 8 5 3 . Penetration Max . | . . . . . . . . . Secondary Targets 6 | . . 2 . 1 2 1 . . Max Gunslinging Chain 1 | . . 1 . 1 1 1 . . Shots Hit Robots 490 | . 20 44 31 151 94 139 11 . Core Hits 289 | . 8 27 20 56 56 111 11 . Critical Kills . | . . . . . . . . . Critical Parts Destroyed 1 | . . . . . 1 . . . Critical Strikes 16 | . 3 2 1 2 7 1 . . Burn 12 | . 3 1 . 2 6 . . . Destroy 1 | . . . . . 1 . . . Corrupt 3 | . . 1 1 . . 1 . . Melee Attacks . | . . . . . . . . . Impact . | . . . . . . . . . Slashing . | . . . . . . . . . Piercing . | . . . . . . . . . Sneak Attacks . | . . . . . . . . . Combat Hostiles . | . . . . . . . . . Follow-up Attacks . | . . . . . . . . . Damage Inflicted 8987 | . 259 655 570 2147 1725 3361 270 . Guns 7757 | . 259 655 475 1808 1523 2870 167 . Cannons 902 | . . . . 251 202 346 103 . Explosions 328 | . . . 95 88 . 145 . . Melee . | . . . . . . . . . Ramming . | . . . . . . . . . Kinetic 3203 | . 159 247 89 1476 659 512 61 . Thermal 4244 | . 100 139 210 536 837 2213 209 . Explosive 145 | . . . . . . 145 . . Electromagnetic 1395 | . . 269 271 135 229 491 . . Impact . | . . . . . . . . . Slashing . | . . . . . . . . . Piercing . | . . . . . . . . . Highest Corruption 1 | . . . 1 1 1 1 1 1 Average Corruption 1 | . . . 1 1 1 1 1 1 Corruption Purged . | . . . . . . . . . Corruption Blocked . | . . . . . . . . . Effects 41 | . . . 1 16 9 10 5 . Message Errors 9 | . . . . 4 2 2 1 . Matter Fused 12 | . . . 1 8 1 1 1 . Heat Flow Errors 7 | . . . . 2 2 2 1 . Energy Discharges 3 | . . . . 1 . 2 . . Parts Fused 1 | . . . . . 1 . . . Data Loss (minor) 4 | . . . . 1 1 2 . . Data Loss (major) 2 | . . . . . . 1 1 . Alerts 1 | . . . . . 1 . . . Weapon Failures 2 | . . . . . 1 . 1 . Overload Shots 1 | . . . . . . 1 . . Overflow Damage 14 | . . . . 2 12 . . . Projectiles 12 | . . . . . 12 . . . Explosions 2 | . . . . 2 . . . . Melee . | . . . . . . . . . Knockbacks 6 | . . . . 3 3 . . . Impact . | . . . . . . . . . Kinetic 6 | . . . . 3 3 . . . Secondary . | . . . . . . . . . Self-Inflicted Damage 190 | . . . 45 76 . 69 . . Shots 5 | . . . 1 2 . 2 . . Rammed . | . . . . . . . . . Targets Rammed . | . . . . . . . . . Kicked . | . . . . . . . . . Crushed . | . . . . . . . . . Highest Temperature 506 | . 213 487 420 295 213 506 222 . Average Temperature 107 | . 106 142 148 52 40 142 74 . Received Heat Transfer 1329 | . 78 108 63 534 90 450 6 . Effects 14 | . 1 2 1 . . 10 . . Shutdowns 2 | . . . 1 . . 1 . . Energy Bleed 4 | . 1 1 . . . 2 . . Interference 7 | . . . . . . 7 . . Damage (minor) 1 | . . 1 . . . . . . Siege Activations . | . . . . . . . . . Robots Corrupted . | . . . . . . . . . Combat Hostiles . | . . . . . . . . . Parts Fried 3 | . . . . 1 . 2 . . Impact Corruptions . | . . . . . . . . . Robots Melted . | . . . . . . . . . Combat Hostiles . | . . . . . . . . . Parts Melted 14 | . 1 1 . 2 4 5 1 . Heat Transferred 7131 | . 518 481 309 1116 2035 2376 296 . Parts Sabotaged . | . . . . . . . . . Parts Stolen . | . . . . . . . . . Parts Stripped . | . . . . . . . . . Power Chain Reactions 3 | . . . 1 2 . . . . Alert | -11 -10 -9 -8 -8 -7 -7 -7 -7 ------- Run | Yrd Mat Mat Mat Gar Fac Gar Fac Low Peak Influence 952 | . 145 218 230 946 645 952 596 . Initial 499 | . . 61 39 139 496 355 499 . Average 501 | . 67 88 138 556 539 668 529 . Maximum Alert Level 3 | . . 1 1 3 2 3 2 . Low Security (%) 16 | . 100 90 82 5 . . . . Level 1 10 | . . 9 17 25 . 4 . . Level 2 50 | . . . . 27 100 54 100 . Level 3 22 | . . . . 40 . 40 . . Level 4 . | . . . . . . . . . Level 5 . | . . . . . . . . . High Security . | . . . . . . . . . Max Security . | . . . . . . . . . Squads Dispatched 9 | . 2 1 1 . 4 . 1 . Investigation 2 | . 1 . . . 1 . . . Extermination 2 | . . . . . 2 . . . Reinforcement 4 | . 1 1 . . 1 . 1 . Assault . | . . . . . . . . . Garrison 1 | . . . 1 . . . . . Intercept . | . . . . . . . . . Searches Triggered . | . . . . . . . . . Construction Impeded . | . . . . . . . . . Haulers Reinforced . | . . . . . . . . . Active Scanning Responses . | . . . . . . . . . Cargo Convoy Interrupts . | . . . . . . . . . Stealth | -11 -10 -9 -8 -8 -7 -7 -7 -7 --------- Run | Yrd Mat Mat Mat Gar Fac Gar Fac Low Distress Signals 3 | . 2 . 1 . . . . . Communications Jammed . | . . . . . . . . . Distress Signals . | . . . . . . . . . Times Spotted 99 | . 6 15 7 21 23 21 3 3 Peak Tracking Total 5 | . 5 4 3 4 5 4 1 4 Tactical Retreats 4 | . . . . 1 1 2 . . Traps | -11 -10 -9 -8 -8 -7 -7 -7 -7 ------- Run | Yrd Mat Mat Mat Gar Fac Gar Fac Low Traps Triggered 18 | . . 1 . 11 3 2 1 . Indirectly . | . . . . . . . . . Trap Hack Attempts . | . . . . . . . . . Triggered . | . . . . . . . . . Disarmed . | . . . . . . . . . Reprogrammed . | . . . . . . . . . Reused . | . . . . . . . . . Traps Extracted . | . . . . . . . . . Installed 1 | . . . . 1 . . . . Triggered . | . . . . . . . . . Most Traps Carried 1 | . . . . 1 . . . . Machines | -11 -10 -9 -8 -8 -7 -7 -7 -7 ---------- Run | Yrd Mat Mat Mat Gar Fac Gar Fac Low Machines Disabled 6 | . . . 1 4 . 1 . . Max in Single Turn 1 | . . . 1 1 . 1 . . Garrison Relay 5 | . . . . 4 . 1 . . Machines Repaired . | . . . . . . . . . Machines Dismantled . | . . . . . . . . . Machines Sabotaged . | . . . . . . . . . Overloaded Fab Kills . | . . . . . . . . . Hacking | -11 -10 -9 -8 -8 -7 -7 -7 -7 --------- Run | Yrd Mat Mat Mat Gar Fac Gar Fac Low Machines Accessed 17 | . 1 2 1 4 7 2 . . Terminals 11 | . 1 2 . 4 2 2 . . Fabricators 3 | . . . . . 3 . . . Repair Stations . | . . . . . . . . . Recycling Units . | . . . . . . . . . Scanalyzers 1 | . . . . . 1 . . . Garrison Access 2 | . . . 1 . 1 . . . Total Hacks 29 | . 3 4 1 5 14 2 . . Successful 16 | . 1 4 1 . 8 2 . . Failed 13 | . 2 . . 5 6 . . . Catastrophic 4 | . . . . 3 1 . . . Database Lockouts . | . . . . . . . . . Manual 5 | . 3 2 . . . . . . Terminals 18 | . 3 4 . 5 4 2 . . Fabricators 4 | . . . . . 4 . . . Repair Stations . | . . . . . . . . . Recycling Units . | . . . . . . . . . Scanalyzers 4 | . . . . . 4 . . . Garrison Access 3 | . . . 1 . 2 . . . Terminal Hacks 6 | . . 3 . . 1 2 . . Record 1 | . . 1 . . . . . . Robot Analysis 1 | . . 1 . . . . . . Prototype ID Bank 1 | . . . . . 1 . . . Open Door 1 | . . . . . . 1 . . Unreport Threat 1 | . . 1 . . . . . . Garrison Registry 1 | . . . . . . 1 . . Fabricator Hacks 3 | . . . . . 3 . . . Network Status 3 | . . . . . 3 . . . Repair Station Hacks . | . . . . . . . . . Recycling Unit Hacks . | . . . . . . . . . Scanalyzer 2 | . . . . . 2 . . . Insert Component 1 | . . . . . 1 . . . Analyze 1 | . . . . . 1 . . . Garrison Access Hacks 3 | . . . 1 . 2 . . . Unlock Access 2 | . . . 1 . 1 . . . Coupler Status 1 | . . . . . 1 . . . Unauthorized Hacks 2 | . 1 1 . . . . . . Terminals 2 | . 1 1 . . . . . . Botnet 2 | . 1 1 . . . . . . Fabricators . | . . . . . . . . . Repair Stations . | . . . . . . . . . Recycling Units . | . . . . . . . . . Scanalyzers . | . . . . . . . . . Garrison Access . | . . . . . . . . . Data Cores Recovered 1 | . . 1 . . . . . . Used . | . . . . . . . . . Hacking Detections 12 | . 1 . . 4 6 1 . . Full Trace Events 2 | . . . . 1 1 . . . Feedback Events . | . . . . . . . . . Feedback Blocked . | . . . . . . . . . Robot Schematics Acquired . | . . . . . . . . . Robots Built . | . . . . . . . . . Authchips . | . . . . . . . . . Time . | . . . . . . . . . Total Robot Build Rating . | . . . . . . . . . Part Schematics Acquired 1 | . . . . . 1 . . . Parts Built . | . . . . . . . . . Authchips . | . . . . . . . . . Time . | . . . . . . . . . Total Part Build Rating . | . . . . . . . . . Parts Repaired . | . . . . . . . . . Time . | . . . . . . . . . Parts Recycled . | . . . . . . . . . Recycled Matter . | . . . . . . . . . Retrieved Matter . | . . . . . . . . . Retrieved Components . | . . . . . . . . . Parts Scanalyzed 1 | . . . . . 1 . . . Part Schematics Acquired 1 | . . . . . 1 . . . Parts Damaged . | . . . . . . . . . Bothacking | -11 -10 -9 -8 -8 -7 -7 -7 -7 ------------ Run | Yrd Mat Mat Mat Gar Fac Gar Fac Low Used RIF Installer 2 | . . . . 1 . 1 . . Program Shield 1 | . . . . . . 1 . . Robots Hacked 1 | . . . . . . 1 . . Non-combat . | . . . . . . . . . Combat 1 | . . . . . . 1 . . Robot Hacks Applied 1 | . . . . . . 1 . . formatsys_high 1 | . . . . . . 1 . . Relay Couplers Released 19 | . . . . 14 . 5 . . Machine Destruction 19 | . . . . 14 . 5 . . Attached 1 | . . . . . . 1 . . Fabnet Peak Effective % . | . . . . . . . . . Robots Rewired 3 | . . . 1 . 2 . . . Allies Hacked . | . . . . . . . . . Hacks Repelled . | . . . . . . . . . Allies | -11 -10 -9 -8 -8 -7 -7 -7 -7 -------- Run | Yrd Mat Mat Mat Gar Fac Gar Fac Low Total Allies 4 | . . . 1 . 2 1 . . Largest Group 2 | . . . 1 . 2 1 . . Highest-Rated Group 36 | . . . 16 . 36 32 . . Highest-Rated Ally 32 | . . . 16 . 20 32 . . Total Orders . | . . . . . . . . . Ally Attacks 11 | . . . 2 . 8 1 . . Total Damage 270 | . . . 16 . 221 33 . . Kills 2 | . . . . . 2 . . . Allies Corrupted . | . . . . . . . . . Allies Melted . | . . . . . . . . . Intel | -11 -10 -9 -8 -8 -7 -7 -7 -7 ------- Run | Yrd Mat Mat Mat Gar Fac Gar Fac Low Robot Analysis Total 1 | . . 1 . . . . . . Derelict Logs Recovered . | . . . . . . . . . Drone Launches . | . . . . . . . . . Drone Recoveries . | . . . . . . . . . Exploration | -11 -10 -9 -8 -8 -7 -7 -7 -7 ------------- Run | Yrd Mat Mat Mat Gar Fac Gar Fac Low Turns Passed 6536 | . 210 641 213 2017 1658 1515 236 46 Spaces Moved 3266 | 1 134 252 60 830 1181 655 124 29 Core 18 | . . . . . . 18 . . Treads 295 | . . . . . . 142 124 29 Legs 2953 | 1 134 252 60 830 1181 495 . . Wheels . | . . . . . . . . . Hover . | . . . . . . . . . Flight . | . . . . . . . . . Fastest Speed 110 | 120 120 120 190 190 110 115 160 160 Average Speed 157 | 120 120 182 237 192 116 174 160 160 Slowest Speed 650 | 120 120 190 260 260 190 650 160 160 Overloaded Moves . | . . . . . . . . . Propulsion Burnouts . | . . . . . . . . . Robots Hopped . | . . . . . . . . . Cave-ins Triggered . | . . . . . . . . . Exploration Rate (%) 23 | 2 21 17 7 67 33 51 4 12 Regions Visited 8 Branch Regions 1 Pre-discovered Areas . | . . . . . . . . . Known Exits Taken 2 | . . . 1 . 1 . . . Unknown Exits Taken 4 | 1 1 1 . . . . 1 . Scrap Searched . | . . . . . . . . . Spaces Dug . | . . . . . . . . . Terrain Destroyed 51 | . . . 3 16 . 31 1 . Melee . | . . . . . . . . . Projectile 2 | . . . . . . 1 1 . AOE 49 | . . . 3 16 . 30 . . Terrain Rammed . | . . . . . . . . . Walls Destroyed . | . . . . . . . . . Machines Disabled . | . . . . . . . . . Actions | -11 -10 -9 -8 -8 -7 -7 -7 -7 --------- Run | Yrd Mat Mat Mat Gar Fac Gar Fac Low Total 4133 | . 152 373 105 1071 1365 888 150 29 Wait 346 | . 1 66 19 72 47 127 14 . Move 3258 | . 133 251 60 828 1180 654 123 29 Hop . | . . . . . . . . . Pick Up 50 | . 1 8 . 14 15 10 2 . Fast Attach 35 | . 1 3 3 5 12 10 1 . Attach 29 | . . 4 1 10 3 10 1 . Detach 1 | . . . . 1 . . . . Swap 29 | . 1 6 . 5 9 7 1 . Drop 44 | . . 8 2 7 19 5 3 . Fire 258 | . 15 27 10 90 46 65 5 . Melee . | . . . . . . . . . Ram . | . . . . . . . . . Kick . | . . . . . . . . . Crush . | . . . . . . . . . Escape Stasis 38 | . . . . 38 . . . . Rewire 44 | . . . 10 . 34 . . . Trap 1 | . . . . 1 . . . . Miscellaneous . | . . . . . . . . . Route ------- -11/Scrapyard -10/Materials -9/Materials -8/Materials -8/Garrison (discovered 3 exits: *Fac x3) -7/Factory (discovered 3 exits: [*Fac x2] / Gar) -7/Garrison (discovered 3 exits: [*Fac x3]) -7/Factory -7/Lower Caves History --------- Turn | Location | Event 1 | -11/Scrapyard | Discovered new exit (range 0) 1 | -11/Scrapyard | Entered Materials 166 | -10/Materials | Discovered new exit (range 10) 211 | -10/Materials | Entered another Materials area 211 | -9/Materials | Evolved 2 slots: Weapon x2 503 | -9/Materials | Build established: Tank 602 | -9/Materials | Discovered new exit (range 14) 852 | -9/Materials | Entered another Materials area 852 | -8/Materials | Evolved 2 slots: Utility x2 1022 | -8/Materials | Garrison activated, responded to threat 1065 | -8/Materials | Identified exit to Garrison 1065 | -8/Materials | Entered Garrison 1119 | -8/Garrison | Triggered checkpoint 1199 | -8/Garrison | Build established: Scavenger-Gunner 1280 | -8/Garrison | Garrison Relay disabled 1410 | -8/Garrison | Triggered checkpoint 1665 | -8/Garrison | Triggered checkpoint 1815 | -8/Garrison | Garrison Relay disabled 1860 | -8/Garrison | Installed Relay Interface Framework 1959 | -8/Garrison | Discovered new exit (range 12) 2033 | -8/Garrison | Triggered checkpoint 2169 | -8/Garrison | Triggered checkpoint 2229 | -8/Garrison | Garrison Relay disabled 2279 | -8/Garrison | Discovered new exit (range 12) 2363 | -8/Garrison | Lost 4 parts (2n2w) 2543 | -8/Garrison | Triggered checkpoint 2595 | -8/Garrison | Triggered checkpoint 2718 | -8/Garrison | Garrison Relay disabled 2763 | -8/Garrison | Discovered new exit (range 14) 3082 | -8/Garrison | Entered Factory 3082 | -7/Factory | Evolved 2 slots: Propulsion x2 3241 | -7/Factory | Discovered new exit (range 7) 4171 | -7/Factory | Build established: Bothacker-Gunner 4703 | -7/Factory | Discovered new exit (range 11) 4738 | -7/Factory | Identified exit to Garrison 4740 | -7/Factory | Entered Garrison 4901 | -7/Garrison | Spotted B-75 Beast 4930 | -7/Garrison | Core integrity fell below 50% 4961 | -7/Garrison | Core integrity fell below 20% 4963 | -7/Garrison | Destroyed B-75 Beast 4985 | -7/Garrison | Lost 10 parts (1p3n1u5w) 5196 | -7/Garrison | Build established: Bothacker-Mutant 5326 | -7/Garrison | Garrison Relay disabled 5354 | -7/Garrison | Triggered checkpoint 5458 | -7/Garrison | Triggered checkpoint 5496 | -7/Garrison | Build established: Bothacker-Gunner 5593 | -7/Garrison | Expanded RIF knowledge: Program Shield 5746 | -7/Garrison | Triggered checkpoint 5924 | -7/Garrison | Triggered checkpoint 5944 | -7/Garrison | Triggered checkpoint 6032 | -7/Garrison | Lost 4 parts (2n1u1w) 6042 | -7/Garrison | Triggered checkpoint 6216 | -7/Garrison | Discovered new exit (range 14) 6247 | -7/Garrison | Discovered new exit (range 73) 6247 | -7/Garrison | Discovered new exit (range 76) 6247 | -7/Garrison | Discovered new exit (range 7) 6255 | -7/Garrison | Entered Factory 6340 | -7/Factory | Build established: Bothacker-Tank 6459 | -7/Factory | Discovered new exit (range 8) 6491 | -7/Factory | Entered Lower Caves 6500 | -7/Lower Caves | Encountered a Warlord checkpoint 6537 | -7/Lower Caves | Destroyed by S-27 Virus with Autogun Last Messages --------------- 06399_ K-01 Serf collects debris. 06399_ U-05 Engineer lays Concrete. 06402_ Imp. Deuterium Engine melted. 06402_ Y-54 Guardian destroyed. 06403_ U-05 Engineer lays Concrete. 06405_ K-01 Serf collects debris. 06406_ Acquired 45 matter. 06407_ U-05 Engineer lays Concrete. 06417_ Acquired Pulse Rifle. 06450_ Dropped Relay Coupler [Brawler]. 06459_ EXIT=FOUND 06473_ Y-54 Guardian destroyed. 06478_ Acquired 5 matter. 06482_ System corrupted: Heat flow error (+119). 06489_ Dropped Flexi-carbon Leg. 06490_ Acquired Imp. Carbon-fiber Leg. LOCATION=UNKNOWN GOAL=ESCAPE 06500_ KJ-292(M): "You haven't seen any Assembled, have you?" Map ----- +----------------------------------------------------+ | ?????????????????????????????????????????????????? | | ?????????????????????????????????????????????????? | | ?????????????????????????????????????????????????? | | ?????????????????????????????????????????????????? | | ?????????????????????????????????????????????????? | | ?????????????????????????????????????????????????? | | ?????????????????????????????????????????????????? | | ?????????????????????????????????????????????????? | | ?????????????????????????????????????????????????? | | ?????????????????????????????????????????????????? | | ?????????????????????????????????????????????????? | | ?????????????????????????????????????????????????? | | ?????????????????????????????????????????????????? | | ?????????????????????????????????????????????????? | | ?????????????????????????????????????????????????? | | ?????????????????????????????????????????????????? | | ?????????????????????????????????????????????????? | | ?????????????????????????????????????????????????? | | ?????????????????????????????????????????????????? | | ?????????????????????????????????????????????????? | | ?????????????????????????????????????????????????? | | ????????????????????##??????####?????????????????? | | ???????????????????## #????## #########????????? | | ??????????????????## ##### #???????? | | ?????????????????## #??????? | | ?????????????????# s @ ###### #####??? | | ?????????? ###### ## ## ##?? | | ?????????? ???????### ## # ### | | ????????? ???????????# g ## # | | ?????????? #?????????????# M # | | ?????????? ????????????????# b | | ???????????????????????????# # | | ???????????????????????????# ## | | ???????????????????????????########## | | ????????????????????????????????## # | | ??????????????????????????????### ## | | ?????????????????????????????# #? | | ?????????????????????????????# #? | | ????????????????????????????# #? | | ???????????????????????????? """" " "" #? | | ???????????????????????????? # """ " "" #? | | ?????????????????????????????# ?"" " " | | ?????????????????????????????# ??" """" | | ???????????????????????????????? "" "" | | ???????????????????????????????? " ?" """" | | ????????????????????????????????????? ### | | ???????????????????????????????????? """" ##?? | | ???????????????????????????????????? """" ##??? | | ??????????????????????????????????????""" #???? | | ??????????????????????????????????????? ???? | +----------------------------------------------------+ Best States ------------- Heat Dissipation 62 Energy Generation 16 Energy Capacity 290 Matter Stores 300 Matter Capacity 300 Sight Range 16 Terrain Scan Density 10 Armor Coverage 150 Evasion (%) 55 Targeting Accuracy 5 Recoil Reduction 3 Salvage Targeting 2 Relay Coupler Types 1 Relay Coupler Value 6 Item Schematics ----------------- Imp. Grenade Launcher | -7/Factory | Scanalyzed Robot Schematics ------------------ None Fabricated ------------ Nothing Alien Tech Used ----------------- None Achievements -------------- Short-term Sacrifices Challenges ------------ None Game ------ Seed MetafieldHeatReplicator Manual? 0 Play Time 00:38:36 Cumulative 76.0 hours Start 2024.07.12 @ 06:39:12 End 2024.07.12 @ 07:17:43 Sessions 1 Manual Loads 0 Difficulty Rogue Special Mode None Game No. 88 Rogue 88 Adventurer 0 Explorer 0 Win Type - Total 0 Types 0/0/0/0/0/0/0/0/0 Lore% 41 Gallery% 55 Achievement% 51 Wizard Run 0 Options --------- Layout 1 ASCII 0 Keyboard 0 Movement Mouse Keybinds 0 Fullscreen 1 Font 32/SmallcapsGlow Map View 50x35 Zoom Use 0% Tactical HUD 1 Map Filters NONE Filters NONE Steam 1 RUN: 20958790-360d-4779-b14f-6ffc761498c9